 Dungeon Crawl Stone Soup version 0.19-a0-379-ge33ada3 (webtiles) character file.

2492 Mysteryquy the Cleaver (level 9, -5/78 HPs)
             Began as a Minotaur Gladiator on May 30, 2016.
             Was a Follower of Hepliaklqana.
             Shot with an arrow by a centaur (6 damage)
             ... on level 7 of the Dungeon.
             The game lasted 00:14:07 (5688 turns).

Mysteryquy the Cleaver (Minotaur Gladiator)         Turns: 5688, Time: 00:14:08

Health: -5/78      AC:  6    Str: 23    XL:     9   Next: 27%
Magic:  8/8        EV: 15    Int:  5    God:    Hepliaklqana [*.....]
Gold:   287        SH:  4    Dex: 11    Spells: 0 memorised, 8 levels left

rFire  . . .     SeeInvis .     B - +1 war axe
rCold  + . .     Gourm    .     b - +0 leather armour
rNeg   . . .     Faith    .     s - +0 buckler
rPois  .         Spirit   .     c - +0 hat
rElec  .         Dismiss  .     A - +0 cloak
rCorr  .         Reflect  .     (no gloves)
SustAt .         Harm     .     n - +0 pair of boots
MR     +....                    (no amulet)
Stlth  +.........               H - ring of protection from magic
                                u - ring of protection from cold

@: somewhat resistant to hostile enchantments, very unstealthy
A: retaliatory headbutt, horns 2
a: Recall Ancestor, Ancestor Identity, Renounce Religion


You were on level 7 of the Dungeon.
You worshipped Hepliaklqana.
Hepliaklqana was aware of your devotion.
You were near starving.

You visited 2 branches of the dungeon, and saw 8 of its levels.

You collected 287 gold pieces.

Inventory:

Hand Weapons
 a - a +0 war axe
 B - a +1 war axe (weapon)
Missiles
 d - 3 throwing nets (quivered)
Armour
 b - a +0 leather armour (worn)
 c - a +0 hat (worn)
 n - a +0 pair of boots (worn)
 s - a +0 buckler (worn)
 A - a +0 cloak (worn)
Jewellery
 j - a +5 ring of strength {unknown}
 o - a +3 ring of evasion {unknown}
 u - a ring of protection from cold (left hand)
 H - a ring of protection from magic (right hand)
Wands
 e - a wand of iceblast (3/15)
 w - a wand of paralysis (7/24)
Scrolls
 k - 5 scrolls of identify
 l - a scroll of enchant weapon
 y - a scroll of remove curse
 z - a scroll of magic mapping
 E - a scroll of recharging
Potions
 g - 2 potions of flight {unknown}
 h - a potion of mutation {unknown}
 m - a potion of degeneration {unknown}
 p - a potion of cure mutation {unknown}
 r - 4 potions of curing {unknown}
 t - a potion of agility
 v - 2 potions of haste {unknown}
 C - a potion of magic {unknown}
 D - a potion of brilliance {unknown}
 F - a potion of lignification {unknown}
 G - a potion of resistance {unknown}
Books
 x - a book of Minor Magic

   Spells                             Type                      Level
   a - Magic Dart                     Conjuration                  1
   b - Blink                          Translocation                2
   c - Call Imp                       Summoning                    2
   d - Repel Missiles                 Charms/Air                   2
   e - Slow                           Hexes                        2
   f - Conjure Flame                  Conjuration/Fire             3
   g - Mephitic Cloud                 Conjuration/Poison/Air       3
Comestibles
 f - 3 bread rations
 i - 2 meat rations
 q - a fruit


   Skills:
 + Level 6.8 Fighting
 + Level 8.7 Axes
 + Level 2.1 Throwing
 + Level 5.6 Armour
 + Level 8.3 Dodging
 + Level 2.2 Stealth
 + Level 2.3 Shields


You had 8 spell levels left.
You didn't know any spells.

Dungeon Overview and Level Annotations

Branches:
Dungeon (7/15)             Temple (1/1) D:4

Altars:
Cheibriados
Dithmenos
Elyvilon
Gozag
Hepliaklqana
Kikubaaqudgha
Makhleb
Nemelex Xobeh
Okawaru
Pakellas
Qazlal
Ru
Sif Muna
Trog
Ukayaw
Vehumet
Xom
Yredelemnul
Zin
The Shining One

Shops:
D:4 %

Annotations:
D:7 Joseph


Innate Abilities, Weirdness & Mutations

You reflexively headbutt those who attack you in melee.
You have a pair of horns on your head.


Message History

Joseph completely misses you. You furiously retaliate!
You headbutt Joseph.
The centaur shoots an arrow.
The arrow hits you.
* * * LOW HITPOINT WARNING * * *
Unknown command.
Okay, then.
Okay, then.
Joseph unwields an uncursed quarterstaff.
Joseph wields an uncursed hunting sling.
Joseph shoots a sling bullet.
You block the sling bullet.
You see here a sling bullet.
The centaur shoots an arrow.
The arrow hits you.
* * * LOW HITPOINT WARNING * * *
Joseph shoots a sling bullet.
The sling bullet hits you!
* * * LOW HITPOINT WARNING * * *
Things that are here:
a sling bullet; an arrow The centaur shoots an arrow.
You block the arrow.
Joseph shoots a sling bullet.
The sling bullet completely misses you.
The centaur shoots an arrow.
The arrow hits you.
You die...

.. ###.. # ....... #.
#....... ##.####.......
####...(>#.......
.......@......##
.......(........ ...
###....(.@.c.## ..##
####.....((##.# #...#
........(((...## #..#.#
.#####..........##..##.###
...##..$..._..#....##.....
#............##.......[..
.###..........##..###.....


You could see Joseph and a centaur.

Vanquished Creatures
  Prince Ribbit (D:6)
  The ghost of rjames93 the Conjurer, an amateur DsCj (D:5)
  Sigmund (D:5)
  Menkaure (D:7)
  An orc warrior (D:5)
  A sky beast (D:6)
  An ogre (D:5)
  2 giant frogs
  A scorpion (D:6)
  A water moccasin zombie (D:6)
  5 wights (D:6)
  A howler monkey (D:6)
  4 crimson imps
  4 hounds
  2 orc priests (D:4)
  4 orc wizards (D:4)
  2 iguanas (D:6)
  6 worker ants
  A hound zombie (D:5)
  Robin (D:2)
  7 adders
  An ooze (D:6)
  An adder skeleton (D:7)
  5 worms
  2 dart slugs
  A giant gecko (D:5)
  9 orcs
  7 bats
  2 giant cockroaches
  7 goblins
  10 hobgoblins
  8 jackals
  A quokka (D:3)
  A ball python (D:1)
  2 giant gecko skeletons (D:6)
  A giant newt (D:1)
  7 kobolds
  2 quokka skeletons (D:5)
  4 rats
119 creatures vanquished.

Vanquished Creatures (collateral kills)
  Grinder (D:5)
  Edmund (D:5)
  2 wights (D:6)
  A giant frog zombie (D:5)
  A hound (D:5)
  An orc wizard (D:4)
  A giant gecko zombie (D:5)
8 creatures vanquished.

Vanquished Creatures (others)
  An ancestor (D:7)
1 creature vanquished.

Grand Total: 128 creatures vanquished

Notes
Turn   | Place    | Note
--------------------------------------------------------------
     0 | D:1      | Mysteryquy the Minotaur Gladiator began the quest for the Orb.
     0 | D:1      | Reached XP level 1. HP: 18/18 MP: 0/0
   261 | D:1      | Reached XP level 2. HP: 20/25 MP: 1/1
   736 | D:2      | Reached XP level 3. HP: 18/30 MP: 2/2
   751 | D:2      | Noticed Robin
   753 | D:2      | Reached skill level 1 in Armour
   758 | D:2      | Killed Robin
   830 | D:2      | Reached XP level 4. HP: 9/38 MP: 3/3
  1803 | D:3      | Found an ancient bone altar of Kikubaaqudgha.
  1895 | D:3      | Reached XP level 5. HP: 40/45 MP: 4/4
  1903 | D:3      | Found a radiant altar of Vehumet.
  2125 | D:4      | Found a white marble altar of Elyvilon.
  2133 | D:4      | Found a shadowy altar of Dithmenos.
  2151 | D:4      | Reached skill level 5 in Axes
  2157 | D:4      | Found a staircase to the Ecumenical Temple.
  2196 | Temple   | Entered the Ecumenical Temple
  2210 | Temple   | Became a worshipper of Hepliaklqana
  2363 | D:4      | Found a stormy altar of Qazlal.
  2419 | D:4      | Reached XP level 6. HP: 30/52 MP: 5/5
  2421 | D:4      | Reached skill level 5 in Dodging
  2424 | D:4      | Found Zisenodd's Food Shoppe.
  3203 | D:5      | Entered Level 5 of the Dungeon
  3212 | D:5      | Noticed Sigmund
  3221 | D:5      | Killed Sigmund
  3221 | D:5      | Reached XP level 7. HP: 24/60 MP: 6/6
  3371 | D:5      | Noticed Edmund
  3385 | D:5      | Killed Edmund
  3385 | D:5      | Reached skill level 5 in Fighting
  3426 | D:5      | Reached skill level 1 in Stealth
  3727 | D:5      | Found a hide-covered altar to Ukayaw.
  3825 | D:5      | Noticed rjames93's ghost (amateur DsCj)
  3865 | D:5      | Killed rjames93's ghost
  3865 | D:5      | Reached XP level 8. HP: 15/70 MP: 7/7
  4154 | D:5      | Reached * piety under Hepliaklqana
  4365 | D:5      | Noticed Grinder
  4365 | D:5      | Paralysed by Grinder for 3 turns
  4379 | D:5      | Killed Grinder
  4382 | D:5      | Reached skill level 1 in Shields
  4631 | D:6      | Noticed Prince Ribbit
  4638 | D:6      | Killed Prince Ribbit
  4638 | D:6      | Reached skill level 5 in Armour
  4712 | D:6      | Reached XP level 9. HP: 77/78 MP: 8/8
  5649 | D:7      | Found a sparkling altar of Nemelex Xobeh.
  5659 | D:7      | Noticed Menkaure
  5664 | D:7      | Killed Menkaure
  5669 | D:7      | Noticed Joseph
  5687 | D:7      | HP: 1/78 [Joseph/sling bullet (12)]
  5688 | D:7      | Shot with an arrow by a centaur

Vault maps used:
D:1:      ncdulo_halloftheorcs
D:2:      uniq_robin
D:3:      vehumet_crystals, nicolae_overflow_hidden_temple
D:4:      grunt_temple_overflow_open, marbit_many_paths,
          minmay_temple_entry_crystal_x, serial_shops, nicolae_shop_waterfront,
          lemuel_another_geyser
D:5:      lemuel_round_altar, portal_sewer_entry_d, first_bread, uniq_grinder,
          uniq_sigmund, uniq_edmund
D:6:      minmay_misc_feat_x, uniq_prince_ribbit1
D:7:      gammafunk_temple_overflow_wave, basic_altar, uniq_menkaure,
          uniq_joseph
Temple:   water_room_temple_a_12

Skill      XL: |  1  2  3  4  5  6  7  8  9 |
---------------+----------------------------+-----
Axes           | 4 5 7 8 |  8.7
Dodging        | 4 5 6 7 8 |  8.3
Armour         | 1 2 3 4 5 |  5.6
Fighting       | 3 4 5 6 |  6.8
Stealth        | 1 2 |  2.2
Shields        | 1 2 |  2.3
Throwing       | |  2.1

Action                   |  1- 3 |  4- 6 |  7- 9 || total
-------------------------+-------+-------+-------++-------
Melee: War axe           |    49 |   102 |   174 ||   325
       Headbutt          |     4 |    17 |    29 ||    50
  Use: Scroll            |       |       |    10 ||    10
 Stab: Distracted        |       |       |     2 ||     2
       Sleeping          |       |       |     1 ||     1
  Eat: Chunk             |       |     7 |     5 ||    12
       Beef jerky        |       |       |     1 ||     1
Armor: Leather armour    |    15 |    33 |    34 ||    82
Dodge: Dodged            |    32 |    84 |   101 ||   217
Block: Buckler           |       |    14 |    26 ||    40
